 Dungeon Crawl Stone Soup version 0.32-a0-86-g8db1b9f803 (console) character file.

Game seed: 12404259756794668592

4026 jejorda2 the Cleaver (level 10, -11/81 (82) HPs)
             Began as a Gnoll Berserker on Feb 5, 2024.
             Was a Priest of Trog.
             Mangled by a boulder beetle (32 damage)
             ... on level 7 of the Dungeon.
             The game lasted 00:15:00 (7047 turns).

jejorda2 the Cleaver (Gnoll Berserker)              Turns: 7047, Time: 00:15:02

HP:   -11/81 (82)   AC: 16    Str: 20    XL:     10   Next: 24%
MP:   17/17         EV: 12    Int:  7    God:    Trog [***...]
Gold: 358           SH:  0    Dex: 18    Spells: 19/19 levels left

rFire   . . .        a - +1 hand axe (heavy)
rCold   + . .        (no shield)
rNeg    . . .        i - +0 chain mail
rPois   .            C - +2 helmet
rElec   +            z - scarf "Itaxurgh" {+Inv, rElec}
rCorr   .            e - +1 pair of gloves
SInv    .            (no boots)
Will    .....        (no amulet)
Stlth   +            c - +6 ring of dexterity
HPRegen 0.33/turn    y - ring of protection from cold
MPRegen 0.15/turn

%: no passive effects
@: on berserk cooldown, slowed, lightly drained, very slow
A: fangs 1, strong nose, distributed training
a: Renounce Religion, Evoke Invisibility, Berserk, Trog's Hand


You were on level 7 of the Dungeon.
You worshipped Trog.
Trog was most pleased with you.
You visited 1 branch of the dungeon, and saw 7 of its levels.

You collected 472 gold pieces.
You spent 114 gold pieces at shops.

Inventory:

Hand Weapons
 a - a +1 heavy hand axe (weapon)
 p - a +1 morningstar
 q - a +0 hand axe
 t - the +6 long sword of Nolo Contendere {freeze, rPois Str+4}
   (You found it on level 5 of the Dungeon)

   Str+4:     It affects your strength (+4).
   rPois:     It protects you from poison
Missiles
 d - 6 poisoned darts (quivered)
 k - 5 boomerangs
 v - a curare-tipped dart
Armour
 e - a +1 pair of gloves (worn)
 i - a +0 chain mail (worn)
 z - the scarf "Itaxurgh" (worn) {+Inv, rElec}
   (You found it on level 2 of the Dungeon)

   rElec:     It insulates you from electricity.
 C - a +2 helmet (worn)
Jewellery
 c - a +6 ring of dexterity (left hand)
 y - a ring of protection from cold (right hand)
Wands
 l - a wand of iceblast (7)
 u - a wand of flame (6)
Scrolls
 b - a scroll of identify
 f - a scroll of noise
 m - 2 scrolls of teleportation
 r - a scroll of blinking
Potions
 g - a potion of might
 j - 4 potions of curing
 n - 2 potions of resistance
 o - a potion of enlightenment
 s - 2 potions of lignification
 w - a potion of mutation
 x - a potion of heal wounds {unknown}


   Skills:
 + Level 8.5 Fighting
 + Level 5.3 Short Blades
 + Level 5.3 Long Blades
 + Level 8.5 Axes
 + Level 5.3 Maces & Flails
 + Level 5.3 Polearms
 + Level 5.3 Staves
 + Level 5.3 Ranged Weapons
 + Level 5.3 Throwing
 + Level 7.1 Armour
 + Level 7.1 Dodging
 + Level 5.3 Stealth
 + Level 5.3 Shields
 + Level 5.3 Unarmed Combat
 + Level 5.3 Spellcasting
 + Level 4.3 Conjurations
 + Level 4.3 Hexes
 + Level 4.3 Summonings
 + Level 4.3 Necromancy
 + Level 4.3 Translocations
 + Level 4.3 Fire Magic
 + Level 4.3 Ice Magic
 + Level 4.3 Air Magic
 + Level 4.3 Earth Magic
 + Level 4.3 Alchemy
 + Level 5.8 Invocations
 + Level 5.3 Evocations
 + Level 4.8 Shapeshifting


You had 19 spell levels left.
You didn't know any spells.
Your spell library was empty.

Dungeon Overview and Level Annotations

Branches:
Dungeon (7/15)             Temple (0/1) D:5

Altars:
Cheibriados
Nemelex Xobeh
Okawaru
Qazlal
Wu Jian
The Shining One

Shops:
D:2 ?

Annotations:
D:7 1 exclusion, Jeremiah


Innate Abilities, Weirdness & Mutations

You have very sharp teeth.
Your uncanny sense of smell can sniff out nearby items.
Your experience applies equally to all skills.


Message History

An ogre comes into view. It is wielding a +0 giant club.
You closely miss Duvessa.
Duvessa is heavily wounded.
You slice the acid dragon!!
You kill the acid dragon!
Trog accepts your kill.
The acid dragon scales are intact enough to wear.
Duvessa hits you but does no damage.
You feel drained.
You barely miss Duvessa.
Duvessa is heavily wounded.
Duvessa closely misses you.
You slash Duvessa!
Duvessa is severely wounded.
You barely miss the yak. Duvessa barely misses you. Duvessa closely misses you.
The yak misses you.
You slice Duvessa!!
You kill Duvessa!
Trog accepts your kill.
You slash the yak! You slice the yak!!
The yak is severely wounded.
A deep elf pyromancer comes into view.
It is wielding a +2 war axe of freezing.
The yak gores you!
* * * LOW HITPOINT WARNING * * *
The boulder beetle curls into a ball and begins rolling!
You hit the yak but do no damage.
The yak is severely wounded.
The deep elf pyromancer gestures wildly while chanting.
The deep elf pyromancer blinks!
The yak completely misses you.
You barely miss the yak.
The yak is severely wounded.
The yak gores you but does no damage.
Unknown command.
You slash the yak!
You kill the yak!
Trog accepts your kill.
You are no longer berserk.
You are exhausted.
You feel yourself slow down. The boulder beetle hits you!!
You die...

## ###############
... ..............###
#'### #####'#####...#
....##.........#...##
#...#.#######.#..#.##
#..#.# #.#......
#.#.# #)#.....# ∆
#[@.# ∆ #.+[.....
#B#$# #.#......
(O○#.# #.#.)....
#°..#.# #.#......
....##.. ..#......
#'### ### ###.....#
§.. #...... .#
#...... ###......


You could see a boulder beetle (rolling) and an ogre.

Vanquished Creatures
  A cyclops (D:7)
  Joseph (D:7)
  A komodo dragon (D:7)
  A wraith (D:7)
  Sigmund (D:2)
  A yak (D:7)
  A vampire mosquito (D:7)
  Menkaure (D:6)
  2 acid dragons (D:7)
  A water moccasin (D:6)
  Duvessa (D:7)
  An orc warrior (D:4)
  2 ice beasts
  A black bear (D:4)
  An ogre (D:4)
  2 centaurs (D:7)
  A kobold brigand (D:6)
  The ghost of Atlas the Magician, an amateur DEFE (D:3)
  4 bullfrogs
  A gnoll sergeant (D:7)
  A scorpion (D:6)
  Dowan (D:7)
  3 howler monkeys
  4 hounds
  3 bombardier beetles (D:4)
  3 jellies
  3 iguanas (D:6)
  2 sleepcaps
  3 orc wizards
  7 adders
  11 gnolls
  2 shadow imps (D:6)
  5 white imps
  2 ufetubi (D:6)
  A ribbon worm (D:3)
  4 dart slugs
  17 orcs
  8 ball pythons
  4 endoplasms
  4 giant cockroaches
  9 hobgoblins
  3 quokkas
  5 bats
  A frilled lizard (D:2)
  12 goblins
  A goblin skeleton (D:4)
  2 hobgoblin zombies (D:4)
  8 kobolds
  A kobold skeleton (D:4)
  2 kobold zombies (D:4)
  2 orc skeletons (D:4)
  7 rats
167 creatures vanquished.

Vanquished Creatures (others)
  A kobold (D:3)
1 creature vanquished.

Grand Total: 168 creatures vanquished

Notes
Turn   | Place    | Note
-------+----------+-------------------------------------------
     0 | D:1      | jejorda2 the Gnoll Berserker began the quest for the Orb.
     0 | D:1      | Reached XP level 1. HP: 23/23 MP: 1/1
    55 | D:1      | Found a faded altar of an unknown god.
   135 | D:1      | Reached XP level 2. HP: 21/29 MP: 2/2
   549 | D:2      | Reached XP level 3. HP: 34/35 MP: 2/4
   553 | D:2      | Reached skill level 1 in Invocations
   556 | D:2      | Reached skill level 1 in Short Blades
   556 | D:2      | Reached skill level 1 in Long Blades
   556 | D:2      | Reached skill level 1 in Maces & Flails
   556 | D:2      | Reached skill level 1 in Polearms
   556 | D:2      | Reached skill level 1 in Staves
   556 | D:2      | Reached skill level 1 in Ranged Weapons
   556 | D:2      | Reached skill level 1 in Throwing
   556 | D:2      | Reached skill level 1 in Stealth
   556 | D:2      | Reached skill level 1 in Shields
   556 | D:2      | Reached skill level 1 in Unarmed Combat
   556 | D:2      | Reached skill level 1 in Spellcasting
   556 | D:2      | Reached skill level 1 in Evocations
   558 | D:2      | Reached skill level 1 in Shapeshifting
   558 | D:2      | Reached XP level 4. HP: 40/41 MP: 2/5
   640 | D:2      | Reached ** piety under Trog
   796 | D:2      | Noticed Sigmund
   806 | D:2      | Killed Sigmund
   807 | D:2      | Reached skill level 1 in Conjurations
   807 | D:2      | Reached skill level 1 in Hexes
   807 | D:2      | Reached skill level 1 in Summonings
   807 | D:2      | Reached skill level 1 in Necromancy
   807 | D:2      | Reached skill level 1 in Translocations
   807 | D:2      | Reached skill level 1 in Fire Magic
   807 | D:2      | Reached skill level 1 in Ice Magic
   807 | D:2      | Reached skill level 1 in Air Magic
   807 | D:2      | Reached skill level 1 in Earth Magic
   807 | D:2      | Reached skill level 1 in Alchemy
   807 | D:2      | Reached XP level 5. HP: 47/47 MP: 5/7
   807 | D:2      | Reached XP level 6. HP: 53/53 MP: 5/8
   869 | D:2      | Reached skill level 5 in Armour
   869 | D:2      | Reached skill level 5 in Dodging
   934 | D:2      | Found Impomomn's Magic Scroll Shoppe.
   942 | D:2      | Bought a scroll of identify for 24 gold pieces
   977 | D:2      | Identified the scarf "Itaxurgh" {+Inv, rElec}
  1478 | D:3      | Found an iron altar of Okawaru.
  1479 | D:3      | Found a snail-covered altar of Cheibriados.
  1479 | D:3      | Found a stormy altar of Qazlal.
  1756 | D:3      | Found a runed translucent gate.
  1757 | D:3      | Found a runed translucent gate.
  1758 | D:3      | Found a runed translucent gate.
  1760 | D:3      | Noticed Atlas's ghost (amateur DEFE)
  1772 | D:3      | Killed Atlas's ghost
  1773 | D:3      | Reached XP level 7. HP: 60/60 MP: 10/10
  2158 | D:2      | Bought a scroll of blinking for 90 gold pieces
  2238 | D:4      | Found a glowing golden altar of the Shining One.
  2334 | D:4      | Reached *** piety under Trog
  2458 | D:4      | Found a sparkling altar of Nemelex Xobeh.
  2493 | D:4      | Found an ornate altar of the Wu Jian Council.
  2892 | D:4      | Reached XP level 8. HP: 67/67 MP: 12/12
  3052 | D:4      | HP: 4/100 [something/magic dart (8)]
  3339 | D:5      | Entered Level 5 of the Dungeon
  3578 | D:5      | Identified the +6 long sword of Nolo Contendere {freeze,
                  | rPois Str+4}
  3597 | D:5      | Found a staircase to the Ecumenical Temple.
  4658 | D:6      | Reached **** piety under Trog
  4913 | D:6      | Noticed Menkaure
  4922 | D:6      | Killed Menkaure
  5036 | D:6      | Reached XP level 9. HP: 73/73 MP: 14/14
  5735 | D:7      | Noticed Joseph
  5751 | D:7      | Killed Joseph
  6080 | D:7      | Noticed a cyclops
  6083 | D:7      | Noticed Jeremiah
  6295 | D:7      | Killed a cyclops
  6296 | D:7      | Reached skill level 5 in Invocations
  6537 | D:7      | Reached skill level 5 in Short Blades
  6537 | D:7      | Reached skill level 5 in Long Blades
  6537 | D:7      | Reached skill level 5 in Maces & Flails
  6537 | D:7      | Reached skill level 5 in Polearms
  6537 | D:7      | Reached skill level 5 in Staves
  6537 | D:7      | Reached skill level 5 in Ranged Weapons
  6537 | D:7      | Reached skill level 5 in Throwing
  6537 | D:7      | Reached skill level 5 in Stealth
  6537 | D:7      | Reached skill level 5 in Shields
  6537 | D:7      | Reached skill level 5 in Unarmed Combat
  6537 | D:7      | Reached skill level 5 in Spellcasting
  6537 | D:7      | Reached skill level 5 in Evocations
  6537 | D:7      | Reached XP level 10. HP: 79/81 MP: 17/17
  6698 | D:7      | Noticed Dowan
  6706 | D:7      | Killed Dowan
  7028 | D:7      | Noticed a boulder beetle
  7034 | D:7      | Noticed Duvessa
  7043 | D:7      | Killed Duvessa
  7044 | D:7      | Noticed a deep elf pyromancer
  7047 | D:7      | Mangled by a boulder beetle

Illustrated notes

Levels and vault maps discovered:
D:1:      nzn_arrival_crosshair, layout_rooms, ebering_ecumenical_altar_box,
          item_on_display_a
D:2:      layout_loops_ring, serial_shops, shop, uniq_sigmund
D:3:      layout_loops_ring, chequers_temple_overflow_statue_of_worship,
          ebering_ghost_rock_garden
D:4:      layout_gridville, mainiacjoe_overflow_two_lobes,
          nicolae_tso_besieged_by_evil, kennysheep_another_room
D:5:      layout_basic, minmay_temple_entry_butterflies
D:6:      layout_layer_cave, uniq_menkaure
D:7:      layout_cave_pools, minmay_the_grid_2x2 [minmay_the_grid_dragon_a,
          minmay_the_grid_spin_star, minmay_the_grid_slots,
          minmay_the_grid_prize_shrinking_boxes], uniq_duvessa, uniq_maurice,
          uniq_joseph, uniq_jeremiah

Skill      XL: |  1  2  3  4  5  6  7  8  9 10 |
---------------+-------------------------------+-----
Invocations    | 1 2 3 4 5 |  5.8
Short Blades   | 1 2 3 5 |  5.3
Long Blades    | 1 2 3 5 |  5.3
Maces & Flails | 1 2 3 5 |  5.3
Polearms       | 1 2 3 5 |  5.3
Staves         | 1 2 3 5 |  5.3
Ranged Weapons | 1 2 3 5 |  5.3
Throwing       | 1 2 3 5 |  5.3
Stealth        | 1 2 3 5 |  5.3
Shields        | 1 2 3 5 |  5.3
Unarmed Combat | 1 2 3 5 |  5.3
Spellcasting   | 1 2 3 5 |  5.3
Evocations     | 1 2 3 5 |  5.3
Shapeshifting  | 1 2 3 4 |  4.8
Conjurations   | 1 2 3 4 |  4.3
Hexes          | 1 2 3 4 |  4.3
Summonings     | 1 2 3 4 |  4.3
Necromancy     | 1 2 3 4 |  4.3
Translocations | 1 2 3 4 |  4.3
Fire Magic     | 1 2 3 4 |  4.3
Ice Magic      | 1 2 3 4 |  4.3
Air Magic      | 1 2 3 4 |  4.3
Earth Magic    | 1 2 3 4 |  4.3
Alchemy        | 1 2 3 4 |  4.3
Armour         | 5 6 7 |  7.1
Dodging        | 5 6 7 |  7.1
Fighting       | 7 8 |  8.5
Axes           | 7 8 |  8.5

Action                     |  1- 3 |  4- 6 |  7- 9 | 10-12 || total
---------------------------+-------+-------+-------+-------++-------
  Melee: Hand axe          |    43 |   134 |   255 |    60 ||   492
         Punch             |     4 |     5 |     9 |     3 ||    21
         Bite              |     2 |     8 |    26 |    11 ||    47
  Throw: Dart              |       |       |     2 |     2 ||     4
         Boomerang         |       |       |     1 |       ||     1
 Invoke: Berserk           |     1 |     3 |     7 |     2 ||    13
         Trog's Hand       |       |     3 |     3 |       ||     6
    Use: Scroll            |       |     3 |    11 |       ||    14
   Stab: Sleeping          |       |     1 |     1 |       ||     2
 Armour: Animal skin       |     6 |       |       |       ||     6
         Ring mail         |    14 |    74 |    55 |       ||   143
         Chain mail        |       |       |   167 |    63 ||   230
  Dodge: Dodged            |    28 |    70 |   188 |    34 ||   320

Table legend: (Time is in decaauts)
 A = Elapsed time spent in this place.
 B = Non-inter-level travel time spent in this place.
 C = Inter-level travel time spent in this place.
 D = Time resting spent in this place.
 E = Time spent auto-exploring this place.
 F = Levels seen in this place.
 G = Mean time per level.
                   A        B        C        D        E       F      G
               +--------+--------+--------+--------+--------+-----+--------+
         Total |   7266 |   6885 |    381 |    884 |   4584 |   7 | 1038.0 |
       Dungeon |   7266 |   6885 |    381 |    884 |   4584 |   7 | 1038.0 |
               +--------+--------+--------+--------+--------+-----+--------+

Top non-repeatable levels by time:
     D:6: 2120 daAuts
     D:4: 1193 daAuts
     D:3: 945 daAuts
     D:5: 918 daAuts
     D:2: 814 daAuts
     D:7: 808 daAuts
     D:1: 465 daAuts
